 Dungeon Crawl Stone Soup version 0.20.1-1-g8b1a95d (webtiles) character file.

7573 vatarom the Summoner (level 10, -11/83 HPs)
             Began as a Demonspawn Summoner on Oct 11, 2017.
             Was a High Priest of Cheibriados.
             Mangled by a white ugly thing (23 damage)
             ... on level 11 of the Dungeon.
             The game lasted 00:27:39 (10877 turns).

vatarom the Summoner (Demonspawn Summoner)         Turns: 10877, Time: 00:27:40

Health: -11/83     AC: 14    Str: 28    XL:     10   Next: 97%
Magic:  0/19       EV: 17    Int: 28    God:    Cheibriados [*****.]
Gold:   422        SH:  0    Dex: 29    Spells: 3/21 levels left

rFire    . . .     SeeInvis .   l - +0 trident
rCold    . . .     Gourm    +   (no shield)
rNeg     . . .     Faith    .   B - +0 ring mail
rPois    +         Spirit   +   (helmet restricted)
rElec    +         Reflect  .   a - +1 cloak {+Inv}
rCorr    .         Harm     .   (no gloves)
MR       +....                  (no boots)
Stlth    +++.......             C - amulet of the gourmand
Regen    0.3/turn               d - ring of poison resistance
MPRegen  0.2/turn               s - ring of wizardry

@: mighty, agile, sanguine armour, very slow
A: antennae 2, magic resistance 1, powered by pain 2, electricity resistance,
magic shield, sanguine armour 1
a: Bend Time, Temporal Distortion, Slouch, Step From Time, Renounce Religion,
Evoke Invisibility


You were on level 11 of the Dungeon.
You worshipped Cheibriados.
Cheibriados was extremely pleased with you.
You were not hungry.

You visited 2 branches of the dungeon, and saw 12 of its levels.

You collected 669 gold pieces.
You spent 247 gold pieces at shops.

Inventory:

Hand Weapons
 l - a +0 trident (weapon)
Armour
 a - a +1 cloak of invisibility (worn)
 B - a +0 ring mail (worn)
Jewellery
 d - a ring of poison resistance (left hand)
 q - an uncursed ring of see invisible
 s - a ring of wizardry (right hand)
 C - an amulet of the gourmand (around neck)
Wands
 g - a wand of confusion (7/48)
 j - a wand of enslavement (7/24)
 k - a wand of digging (1/24)
 w - a wand of lightning (5/15)
 x - a wand of enslavement (11/24)
 y - a wand of digging (13/24)
Scrolls
 c - 2 scrolls of fear
 e - 7 scrolls of identify
 f - a scroll of teleportation
 r - 2 scrolls of remove curse
 t - 3 scrolls of recharging
 u - 4 scrolls of magic mapping
Potions
 m - 2 potions of mutation
 p - 4 potions of flight
Books
 b - a book of Callings

   Spells                             Type                      Level
   a - Summon Small Mammal            Summoning                    1
   b - Call Imp                       Summoning                    2
   c - Call Canine Familiar           Summoning                    3
   d - Summon Guardian Golem          Hexes/Summoning              3
   e - Summon Lightning Spire         Summoning/Air                4
   f - Summon Ice Beast               Ice/Summoning                4
 A - a book of Party Tricks

   Spells                             Type                      Level
   a - Summon Butterflies             Summoning                    1
   b - Apportation                    Translocation                1
   c - Lesser Beckoning               Translocation                3
   d - Tukima's Dance                 Hexes                        3
   e - Alistair's Intoxication        Transmutation/Poison         5
   f - Invisibility                   Hexes                        6
Comestibles
 h - 4 meat rations
 i - a royal jelly
 o - 13 bread rations
 v - 2 fruits


   Skills:
 * Level 9.3 Fighting
 + Level 4.2 Polearms
 * Level 4.6 Armour
 - Level 1.7 Dodging
 - Level 1.7 Stealth
 + Level 6.0 Spellcasting
 + Level 9.5 Summonings
 + Level 7.7 Invocations


You had 3 spell levels left.
You knew the following spells:

 Your Spells              Type           Power        Failure   Level  Hunger
a - Summon Small Mammal   Summ           ####         1%          1    None
b - Call Imp              Summ           ######..     1%          2    None
c - Call Canine Familiar  Summ           ######..     1%          3    None
d - Summon Ice Beast      Ice/Summ       #####...     4%          4    ###....
e - Summon Lightning Spi  Summ/Air       #####...     4%          4    ###....
f - Summon Butterflies    Summ           ######..     1%          1    None
g - Lesser Beckoning      Tloc           #.........   11%         3    None


Dungeon Overview and Level Annotations

Branches:
Dungeon (11/15)            Temple (1/1) D:5            Lair (0/6) D:10
    Orc: D:9-12

Altars:
Ashenzari
Cheibriados
Dithmenos
Elyvilon
Fedhas
Gozag
Hepliaklqana
Kikubaaqudgha
Makhleb
Nemelex Xobeh
Okawaru
Qazlal
Ru
Sif Muna
Trog
Uskayaw
Vehumet
Xom
Yredelemnul
Zin
The Shining One

Shops:
D:8 ?%(=(   D:9 %%

Annotations:
D:10 exclusion: obsidian statue


Innate Abilities, Weirdness & Mutations

You have a pair of antennae on your head.
You sometimes gain power by taking damage.
When hurt, damage is shared between your health and your magic reserves.
When seriously injured, your bleeding wounds create armour. (AC +6)
You are resistant to hostile enchantments. (MR+)
You are resistant to electric shocks. (rElec)


Message History

Your ice beast hits the white ugly thing.
Your ice beast freezes the white ugly thing.
The white ugly thing resists.
The white ugly thing gores you! The white ugly thing freezes you!!
You focus on the pain.
You feel very mighty all of a sudden.
Your blood congeals into armour.
You impale the white ugly thing!!
The white ugly thing is heavily wounded.
The white ugly thing gores you!
* * * LOW HITPOINT WARNING * * *
You focus on the pain.
You feel your power returning. The white ugly thing freezes you!
* * * LOW HITPOINT WARNING * * *
Your ice beast hits the white ugly thing but does no damage.
You barely miss the white ugly thing.
The white ugly thing is heavily wounded.
The white ugly thing gores you.
* * * LOW HITPOINT WARNING * * *
The white ugly thing freezes you!!
You die...

####.#####
#........###
###..........
...........#
#........# #.# #.#
#u## #@Y# #.## ##.#
..# #.# #.# #.#
##.### ## #.# #.....
....###.###### #.....
#..........#####.....
#####..###......<....
##..########.....


You could see a white ugly thing and a friendly ice beast.

Vanquished Creatures
  A two-headed ogre (D:8)
  Pikel (D:8)
  A cyclops (D:11)
  Joseph (D:9)
  A spriggan (D:10)
  A wyvern (D:9)
  5 yaks (D:9)
  A hungry ghost (D:8)
  Edmund (D:4)
  3 orc warriors
  A sky beast (D:11)
  An ice beast (D:5)
  2 ogres
  A black bear (D:9)
  A necrophage (D:7)
  A phantom (D:8)
  A crocodile (D:10)
  A centaur (D:8)
  A big kobold (D:6)
  A bullfrog (D:9)
  A wyvern zombie (D:8)
  4 scorpions
  A killer bee (D:10)
  A howler monkey (D:4)
  3 crimson imps
  A bullfrog zombie (D:6)
  2 hounds
  4 orc priests
  A bullfrog skeleton (D:6)
  3 orc wizards
  A centaur skeleton (D:5)
  2 iguanas
  3 worker ants
  4 gnolls
  3 adders
  A shadow imp (D:5)
  An ooze (D:2)
  An adder zombie (D:5)
  An adder skeleton (D:9)
  A dart slug (D:1)
  2 leopard geckos
  13 orcs
  A ball python (D:1)
  4 giant cockroaches
  6 goblins (D:2)
  3 hobgoblins
  3 jackals (D:3)
  9 kobolds
  5 quokkas
  5 bats
  6 frilled lizards
  A jackal skeleton (D:6)
  A leopard gecko skeleton (D:6)
  5 rats
130 creatures vanquished.

Vanquished Creatures (collateral kills)
  Erolcha (D:9)
  The ghost of Vodalian the Basher, a novice MiBe of Trog (D:9)
  A two-headed ogre (D:9)
  The ghost of Megalobster the Destroyer, a novice DECj of Vehumet (D:8)
  Maurice (D:8)
  A troll (D:10)
  Prince Ribbit (D:7)
  2 hippogriffs
  Eustachio (D:6)
  A water moccasin (D:10)
  A slave (D:8)
  An orc warrior (D:8)
  A phantom (D:7)
  2 wolves (D:10)
  4 ogres
  A centaur (D:8)
  A big kobold (D:8)
  A gnoll sergeant (D:9)
  A wyvern skeleton (D:8)
  4 scorpions
  4 killer bees (D:10)
  2 howler monkeys
  2 electric eels (D:10)
  2 crimson imps (D:7)
  A centaur zombie (D:5)
  7 hounds (D:10)
  6 orc priests
  3 iguanas
  6 orc wizards
  6 worker ants
  Robin (D:2)
  6 adders
  6 gnolls
  A howler monkey skeleton (D:7)
  2 shadow imps
  2 worms (D:2)
  A dart slug (D:1)
  2 leopard geckos
  18 orcs
  A giant cockroach (D:4)
  4 goblins
  6 hobgoblins
  A jackal (D:3)
  A quokka (D:3)
  A ball python (D:1)
  A ball python skeleton (D:4)
  8 bats
  A jackal skeleton (D:4)
  10 kobolds
  A quokka skeleton (D:4)
  A rat (D:1)
  A fungus (D:7)
143 creatures vanquished.

Vanquished Creatures (others)
  3 slaves (D:8)
  A necrophage (D:5)
  2 orc priests (D:8)
  An adder (D:5)
  2 orcs (D:8)
9 creatures vanquished.

Grand Total: 282 creatures vanquished

Notes
Turn   | Place    | Note
-------+----------+-------------------------------------------
     0 | D:1      | vatarom the Demonspawn Summoner began the quest for the Orb.
     0 | D:1      | Reached XP level 1. HP: 13/13 MP: 3/3
   397 | D:1      | Reached skill level 1 in Fighting
   658 | D:1      | Gained mutation: When hurt, damage is shared between your health and your magic reserves. [demonic ancestry]
   658 | D:1      | Reached XP level 2. HP: 16/21 MP: 5/5
   774 | D:1      | Learned a level 2 spell: Call Imp
  1504 | D:2      | Gained mutation: You sometimes gain a little power by taking damage. [demonic ancestry]
  1504 | D:2      | Reached XP level 3. HP: 23/26 MP: 6/6
  1718 | D:2      | Learned a level 3 spell: Call Canine Familiar
  1765 | D:2      | Found a radiant altar of Vehumet.
  1799 | D:2      | Noticed Robin
  1814 | D:2      | Killed Robin
  2205 | D:3      | Gained mutation: You have a pair of small antennae on your head. [demonic ancestry]
  2205 | D:3      | Reached XP level 4. HP: 30/33 MP: 5/7
  2400 | D:3      | Found a snail-covered altar of Cheibriados.
  2409 | D:3      | Became a worshipper of Cheibriados the Contemplative
  2533 | D:3      | You fall through a shaft!
  2569 | D:4      | Noticed an ogre
  2580 | D:4      | Killed an ogre
  2580 | D:4      | Reached skill level 5 in Summonings
  2684 | D:4      | Reached skill level 1 in Invocations
  2684 | D:4      | Reached XP level 5. HP: 38/40 MP: 4/9
  2893 | D:4      | Found a stormy altar of Qazlal.
  3097 | D:4      | Reached * piety under Cheibriados
  3291 | D:4      | Found a white marble altar of Elyvilon.
  3373 | D:4      | Reached XP level 6. HP: 46/47 MP: 8/10
  3451 | D:4      | Noticed Edmund
  3462 | D:4      | Killed Edmund
  3700 | D:5      | Entered Level 5 of the Dungeon
  3786 | D:5      | Noticed an ice beast
  3803 | D:5      | HP: 1/47 [ice beast (6)]
  3809 | D:5      | Killed an ice beast
  3962 | D:5      | Learned a level 4 spell: Summon Ice Beast
  4033 | D:5      | Found a staircase to the Ecumenical Temple.
  4042 | Temple   | Entered the Ecumenical Temple
  4323 | D:5      | Gained mutation: You sometimes gain power by taking damage. [demonic ancestry]
  4323 | D:5      | Reached XP level 7. HP: 49/53 MP: 8/12
  4692 | D:5      | You fall through a shaft!
  5212 | D:3      | Gained mutation: You are resistant to electric shocks. (rElec) [potion of mutation]
  5212 | D:3      | Gained mutation: You are clumsy. (Dex -2) [potion of mutation]
  5212 | D:3      | Lost mutation: You are clumsy. (Dex -2) [potion of mutation]
  5212 | D:3      | Gained mutation: You are resistant to hostile enchantments. (MR+) [potion of mutation]
  5216 | D:3      | Reached ** piety under Cheibriados
  5562 | D:6      | Found a faded altar of an unknown god.
  5562 | D:6      | Found a shadowy altar of Dithmenos.
  5570 | D:6      | Found a hazy altar of Hepliaklqana.
  5572 | D:6      | Found a deep blue altar of Sif Muna.
  5573 | D:6      | Found a glowing golden altar of the Shining One.
  5672 | D:6      | Noticed Eustachio
  5687 | D:6      | Killed Eustachio
  5687 | D:6      | Reached skill level 5 in Fighting
  5687 | D:6      | Gained mutation: When seriously injured, your bleeding wounds create armour. (AC +6) [demonic ancestry]
  5687 | D:6      | Reached XP level 8. HP: 59/62 MP: 11/13
  5742 | D:6      | Learned a level 4 spell: Summon Lightning Spire
  6286 | D:7      | Got a warped hand axe
  6294 | D:7      | Reached *** piety under Cheibriados
  6415 | D:7      | Identified the +1 hand axe "Ganwem" {drain, +Fly rPois Str+6 Int-5} (You found it on level 7 of the Dungeon)
  6450 | D:7      | Reached skill level 5 in Invocations
  6909 | D:7      | Reached **** piety under Cheibriados
  6924 | D:7      | Noticed Prince Ribbit
  6935 | D:7      | Killed Prince Ribbit
  7227 | D:8      | Reached XP level 9. HP: 65/71 MP: 6/15
  7312 | D:8      | Found Razosie's Antique Weapon Shop.
  7318 | D:8      | Bought a runed glaive for 247 gold pieces
  7406 | D:8      | Noticed Maurice
  7430 | D:8      | Reached skill level 1 in Polearms
  7435 | D:8      | Killed Maurice
  7435 | D:8      | Reached skill level 1 in Armour
  7564 | D:8      | Found Vauppaon's Food Emporium.
  7578 | D:8      | Noticed Megalobster's ghost (novice DECj)
  7580 | D:8      | Noticed Pikel
  7587 | D:8      | Killed Megalobster's ghost
  7593 | D:8      | Killed Pikel
  7614 | D:8      | Reached skill level 5 in Spellcasting
  7863 | D:8      | Found Plog's Magic Scroll Shoppe.
  7949 | D:8      | Found Ynuets's Jewellery Boutique.
  8235 | D:8      | Found Cytwub's Weapon Shop.
  8260 | D:8      | Noticed a two-headed ogre
  8267 | D:8      | Reached ***** piety under Cheibriados
  8270 | D:8      | Killed a two-headed ogre
  8539 | D:9      | Noticed Vodalian's ghost (novice MiBe)
  8549 | D:9      | Killed Vodalian's ghost
  8549 | D:9      | Gained mutation: You have a pair of antennae on your head. [demonic ancestry]
  8549 | D:9      | Reached XP level 10. HP: 60/80 MP: 8/18
  8823 | D:9      | Identified a scroll of acquirement
  8827 | D:9      | Learned a level 1 spell: Summon Butterflies
  9069 | D:9      | Noticed a two-headed ogre
  9080 | D:9      | Killed a two-headed ogre
  9110 | D:9      | Found Pemas's Food Boutique.
  9150 | D:9      | Found Utoczi's Food Boutique.
  9237 | D:9      | Noticed Erolcha
  9239 | D:9      | Noticed Joseph
  9245 | D:9      | Killed Erolcha
  9256 | D:9      | Killed Joseph
 10021 | D:10     | Entered Level 10 of the Dungeon
 10182 | D:10     | Noticed a soul eater
 10348 | D:10     | Learned a level 3 spell: Lesser Beckoning
 10375 | D:10     | Found a staircase to the Lair.
 10435 | D:10     | Noticed an obsidian statue
 10449 | D:10     | Noticed a smoke demon
 10730 | D:11     | Noticed a cyclops
 10745 | D:11     | Killed a cyclops
 10865 | D:11     | Noticed a white ugly thing
 10877 | D:11     | Mangled by a white ugly thing

Skill      XL: |  1  2  3  4  5  6  7  8  9 10 |
---------------+-------------------------------+-----
Fighting       | 1 2 3 5 6 8 9 |  9.3
Summonings     | 5 6 8 9 |  9.5
Invocations    | 1 2 3 4 5 6 7 |  7.7
Spellcasting   | 3 4 5 6 |  6.0
Polearms       | 2 4 |  4.2
Armour         | 2 4 |  4.6
Dodging        | |  1.7
Stealth        | |  1.7

Action                   |  1- 3 |  4- 6 |  7- 9 | 10-12 || total
-------------------------+-------+-------+-------+-------++-------
Melee: Spear             |   125 |       |       |       ||   125
       Unarmed           |     9 |       |       |       ||     9
       Trident           |    19 |   125 |   354 |   152 ||   650
 Cast: Summon Small Mamm |     9 |     1 |       |       ||    10
       Call Imp          |     5 |       |     1 |       ||     6
       Call Canine Famil |     4 |    18 |    18 |     8 ||    48
       Summon Ice Beast  |       |       |    31 |    13 ||    44
       Summon Lightning  |       |       |     8 |    13 ||    21
       Summon Butterflie |       |       |       |    11 ||    11
Invok: Bend Time         |       |       |     2 |       ||     2
       Temporal Distorti |       |       |     1 |     2 ||     3
       Slouch            |       |       |       |     2 ||     2
 Abil: Evoke Invisibilit |       |       |       |     1 ||     1
  Use: Scroll            |     5 |     5 |     1 |     7 ||    18
       Potion            |       |     8 |     3 |     4 ||    15
 Stab: Sleeping          |     5 |     2 |     8 |     2 ||    17
       Distracted        |     1 |     2 |     6 |     3 ||    12
       Betrayed ally     |       |       |     1 |       ||     1
  Eat: Chunk             |     2 |     4 |    10 |     5 ||    21
       Bread ration      |     1 |       |       |     1 ||     2
       Royal jelly       |       |     1 |     1 |       ||     2
       Meat ration       |       |       |     1 |       ||     1
Armor: Robe              |    31 |    22 |   107 |    10 ||   170
       Skin              |       |       |     1 |       ||     1
       Ring mail         |       |       |       |    47 ||    47
Dodge: Dodged            |    88 |   104 |   239 |   122 ||   553
